 Dungeon Crawl Stone Soup version 0.31.0-11-ge490571c62 (webtiles) character file.

Game seed: 16671147623342952476

11 Curundu the Grave Robber (level 2, 0/15 HPs)
             Began as a Gargoyle Necromancer on Jan 28, 2024.
             Slain by a ribbon worm (4 damage)
             ... on level 1 of the Dungeon.
             The game lasted 00:02:22 (640 turns).

Curundu the Grave Robber (Gargoyle Necromancer)      Turns: 640, Time: 00:02:23

Health: 0/15       AC:  4    Str: 11    XL:     2   Next: 29%
Magic:  4/5        EV:  6    Int: 15    God:
Gold:   79         SH:  0    Dex: 10    Spells: 4/5 levels left

rFire   . . .        (no weapon)
rCold   . . .        (no shield)
rNeg    + . .        a - +0 robe
rPois   ∞            (no helmet)
rElec   +            (no cloak)
rCorr   .            (no gloves)
SInv    .            (no boots)
Will    .....        (no amulet)
Stlth   ++           (no ring)
HPRegen 0.22/turn    (no ring)
MPRegen 0.09/turn

%: no passive effects
@: held
A: sickness immunity, AC +2, negative energy resistance 1, electricity
resistance, torment resistance 1, petrification resistance
a: no special abilities


You were on level 1 of the Dungeon.
You visited 1 branch of the dungeon, and saw 1 of its levels.

You collected 79 gold pieces.

Inventory:

Armour
 a - a +0 robe (worn)
Scrolls
 c - a scroll of poison {unknown}
 d - a scroll of fog {unknown}
 e - a scroll of brand weapon {unknown}
 g - a scroll of identify {unknown}
 i - a scroll of enchant weapon {unknown}
 j - a scroll of fear {unknown}
Potions
 b - a potion of magic
 f - a potion of ambrosia {unknown}
 h - a potion of heal wounds {unknown}


   Skills:
 + Level 1.6 Dodging
 + Level 2.6 Stealth
 + Level 0.2 Unarmed Combat
 + Level 2.0 Spellcasting
 + Level 3.4 Necromancy


You had 4 spell levels left.
You knew the following spells:

 Your Spells              Type           Power      Damage    Failure   Level
a - Necrotise             Necr           44%        1d6       5%          1

Your spell library contained the following spells:

 Spells                   Type           Power      Damage    Failure   Level
 Vampiric Draining        Necr           11%        2d6       16%         3
 Animate Dead             Necr           11%        N/A       47%         4
 Curse of Agony           Necr           11%        N/A       83%         5


Dungeon Overview and Level Annotations

Branches:
Dungeon (1/15)

Altars:


Innate Abilities, Weirdness & Mutations

You are immune to sickness and miasma.
Your stone body is resilient. (AC +2)
You are immune to poison.
You resist negative energy. (rN+)
You are resistant to electric shocks. (rElec)
You are resistant to unholy torment.
You are immune to petrification.


Message History

Press: ? - help, Shift-Dir - straight line, f - endoplasm
Aim: an endoplasm (severely wounded, chance to affect: 80%)
The endoplasm writhes in agony.
You kill the endoplasm!
Found 2 stones.
Things that are here:
a +0 dagger of holy wrath; a kobold corpse
Found a stone staircase leading down.
A ribbon worm comes into view.
You see here 2 stones.
You see here 2 stones.
A ribbon worm comes into view.
You see here 2 stones.
You hit the ribbon worm but do no damage.
The ribbon worm expels a string of sticky webbing.
The stream of webbing hits you but does no damage.
You are caught in a web!
The web tears apart.
The ribbon worm expels a string of sticky webbing.
The stream of webbing misses you. The ribbon worm misses you.
You hit the ribbon worm but do no damage.
You hit the ribbon worm.
The ribbon worm is lightly wounded.
The ribbon worm barely misses you. The ribbon worm closely misses you.
You barely miss the ribbon worm.
The ribbon worm is lightly wounded.
The ribbon worm misses you.
The ribbon worm expels a string of sticky webbing.
The stream of webbing hits you but does no damage.
You are caught in a web!
You struggle to detach yourself from the web.
The ribbon worm bites you! The ribbon worm bites you.
* * * LOW HITPOINT WARNING * * *
Casting: Necrotise (safe; 5% risk of failure)
Confirm with . or Enter, or press ? or * to list all spells.
Aiming: Necrotise (safe; 5% risk of failure)
Press: ? - help, Shift-Dir - straight line, f - ribbon worm
Aim: a ribbon worm (chance to affect: 73%)
The ribbon worm writhes in agony.
The ribbon worm bites you.
You die...

.#...#.###...#...# ### .....#.#
#.......# ##.##
.......###...#...###.#.## ###
#.#######.....#.......#.## #..#
...# #.#.#.######.....# #^...
...# #.#.#.# ##.#####.....
...######.#...# ######)..>..
..........###.##########........
....####..###.#.@w.........?....
..............#w###)....##w.....
...........##.#.#.......# ..w..
..>......#.##.....#.....# .^..
....)....#.####...#.....# ...
...##.#..............#### ..
...##.####.#####.##### .
...##......# #.# ...#########
#.########


You could see 2 ribbon worms.

Vanquished Creatures
  2 bats (D:1)
  3 endoplasms (D:1)
  2 goblins (D:1)
  2 kobolds (D:1)
  A rat (D:1)
10 creatures vanquished.

Notes
Turn   | Place    | Note
-------+----------+-------------------------------------------
     0 | D:1      | Curundu the Gargoyle Necromancer began the quest for the
                  | Orb.
     0 | D:1      | Reached XP level 1. HP: 10/10 MP: 3/3
   311 | D:1      | Reached XP level 2. HP: 7/15 MP: 0/5
   448 | D:1      | Found a faded altar of an unknown god.
   640 | D:1      | Slain by a ribbon worm

Illustrated notes

Levels and vault maps discovered:
D:1:      dpeg_arrival_tiny_f, layout_loops_cross,
          hellmonk_ecumenical_altar_zigzags, nicolae_wormholes

Action                     || total
---------------------------++-------
  Melee: Unarmed           ||    60
         Punch             ||     1
   Cast: Necrotise         ||    10
   Stab: Sleeping          ||     1
 Armour: Robe              ||    36
  Dodge: Dodged            ||    34
